 Dungeon Crawl Stone Soup version 0.22-a0-253-gf9d0ce5 (webtiles) character file.

15003 Calypsia the Covert (level 11, -5/54 HPs)
             Began as a Spriggan Enchanter on Mar 2, 2018.
             Was an Elder of Dithmenos.
             Slain by R007833r's ghost (6 damage)
             ... on level 2 of the Lair of Beasts.
             The game lasted 00:34:19 (14895 turns).

Calypsia the Covert (Spriggan Enchanter)           Turns: 14895, Time: 00:34:19

Health: -5/54      AC:  5    Str:  4    XL:     11   Next: 96%
Magic:  16/25      EV: 25    Int: 19    God:    Dithmenos [****..]
Gold:   636        SH:  8    Dex: 21    Spells: 12/28 levels left

rFire    . . .     SeeInvis +   a - +1 dagger
rCold    + . .     Gourm    .   k - +0 buckler
rNeg     . . .     Faith    .   H - +0 troll leather armour
rPois    .         Spirit   .   (helmet restricted)
rElec    .         Reflect  .   r - +0 cloak (curse)
rCorr    .         Harm     .   (gloves unavailable)
MR       +....                  (boots unavailable)
Stlth    ++++++++..             u - amulet of regeneration
HPRegen  0.98/turn              B - +3 ring of dexterity
MPRegen  0.19/turn              L - ring of protection from cold

@: wreathed by umbra, very quick
A: very small, unfitting armour, see invisible, herbivore, speed 3, slow
metabolism 2
a: Shadow Step, Renounce Religion


You were on level 2 of the Lair of Beasts.
You worshipped Dithmenos.
Dithmenos was greatly pleased with you.
You were hungry.

You visited 3 branches of the dungeon, and saw 15 of its levels.
You also visited: Bailey and Ice Cave.

You collected 666 gold pieces.
You spent 30 gold pieces at shops.

Inventory:

Hand Weapons
 a - a +1 dagger (weapon)
Armour
 b - a +0 robe
 j - a +3 leather armour
 k - a +0 buckler (worn)
 r - a cursed +0 cloak (worn)
 E - a +1 robe of cold resistance
 H - a +0 troll leather armour (worn)
Jewellery
 g - a +1 ring of protection
 u - an amulet of regeneration (around neck)
 v - an uncursed ring of fire
 B - a +3 ring of dexterity (left hand)
 F - a cursed amulet of the acrobat {unknown}
 L - a ring of protection from cold (right hand)
 N - an uncursed ring of wizardry
Wands
 c - a wand of digging (13)
 w - a wand of polymorph (41)
 x - a wand of disintegration (12)
 A - a wand of paralysis (16)
 C - a wand of acid (13)
Scrolls
 e - 5 scrolls of teleportation
 f - 3 scrolls of enchant armour
 h - 14 scrolls of remove curse
 l - 3 scrolls of immolation
 m - 3 scrolls of fear
 o - a scroll of enchant weapon
 p - 3 scrolls of magic mapping {unknown}
 s - a scroll of noise {unknown}
 t - a scroll of random uselessness {unknown}
 y - 3 scrolls of blinking {unknown}
 D - a scroll of amnesia {unknown}
 I - a scroll of torment {unknown}
 Q - a scroll of fog {unknown}
 S - a scroll of brand weapon {unknown}
 T - a scroll of identify
Potions
 i - 3 potions of lignification
 n - 5 potions of curing
 q - 4 potions of haste
 z - a potion of agility
 G - 2 potions of flight
 J - a potion of ambrosia {unknown}
 K - a potion of degeneration {unknown}
 M - a potion of mutation {unknown}
 O - a potion of invisibility {unknown}
 P - a potion of brilliance {unknown}
 R - 2 potions of magic {unknown}
Comestibles
 d - 16 rations


   Skills:
 + Level 4.9 Fighting
 + Level 8.5 Short Blades
 + Level 1.8 Armour
 + Level 10.6 Dodging
 + Level 12.6 Stealth
 + Level 4.4 Shields
 + Level 9.0 Spellcasting
 - Level 8.2 Hexes
 * Level 7.2 Translocations
 + Level 3.7 Invocations


You had 12 spell levels left.
You knew the following spells:

 Your Spells              Type           Power        Failure   Level  Hunger
a - Ensorcelled Hibernat  Hex/Ice        ###...       4%          2    None
b - Confuse               Hex            #####...     1%          3    None
c - Corona                Hex            #####..      1%          1    None
d - Tukima's Dance        Hex            #####...     1%          3    None
e - Gell's Gravitas       Tloc           #####.....   2%          3    None
f - Fulminant Prism       Conj/Hex       ###.......   32%         4    ###....


Dungeon Overview and Level Annotations

Branches:
Dungeon (12/15)            Temple (1/1) D:5            Lair (2/6) D:11
    Orc (0/2) D:10
  Swamp: Lair:2-4    Shoals: Lair:2-4     Snake: Lair:2-4    Spider: Lair:2-4

Altars:
Ashenzari
Cheibriados
Dithmenos
Fedhas
Gozag
Kikubaaqudgha
Makhleb
Okawaru
Ru
Trog
Uskayaw
Yredelemnul
The Shining One

Shops:
D:4 ?   D:5 =   D:9 ?=

Annotations:
Lair:2 exclusion: oklob plant, R007833r's ghost, journeyman DsGl


Innate Abilities, Weirdness & Mutations

You are very small and have problems with some larger weapons.
You are too small for most types of armour.
You have supernaturally acute eyesight. (SInv)
You are a herbivore.
You cover ground extremely quickly.
You need consume almost no food.


Message History

Press: ? - help, Shift-Dir - straight line, f/p - tyrant leech
Aim: a tyrant leech (black smoke, umbra, chance to defeat MR: 36%)
The tyrant leech easily resists.
The tyrant leech completely misses you.
Casting: Ensorcelled Hibernation (safe; 4% risk of failure)
Confirm with . or Enter, or press ? or * to list all spells.
Aiming: Ensorcelled Hibernation (safe; 4% risk of failure)
Press: ? - help, Shift-Dir - straight line, f/p - tyrant leech
Aim: a tyrant leech (black smoke, umbra, chance to defeat MR: 36%)
The tyrant leech easily resists.
Your shadow mimicks your spell!
The tyrant leech easily resists.
You block R007833r's ghost's attack. The tyrant leech completely misses you.
Casting: Ensorcelled Hibernation (safe; 4% risk of failure)
Confirm with . or Enter, or press ? or * to list all spells.
Aiming: Ensorcelled Hibernation (safe; 4% risk of failure)
Press: ? - help, Shift-Dir - straight line, f/p - tyrant leech
Aim: a tyrant leech (black smoke, umbra, chance to defeat MR: 36%)
The tyrant leech looks drowsy...
R007833r's ghost hits you!
* * * LOW HITPOINT WARNING * * *
You die...

##...P..##.#.......
#................#
#.................
#.................
#.................
#§§§..............
##§§§......... ....
#§w###.P.####. ...#
##@###.##.## ....
#§W§......# .#
#§§§......##..
#P..#..........
#.....##.#..#..
#..#.## #......
##.... W.....
P..... ......
##..... ......


You could see a tyrant leech (sleeping) and R007833r's ghost (confused).

Vanquished Creatures
  The ghost of heteroy the Fighter, a journeyman OgBe of Trog (D:11)
  The ghost of grandjackal the Tainter, a journeyman DsVM of Ashenzari (D:11)
  A two-headed ogre (D:8)
  Pikel (D:4)
  The ghost of Calypsia the Firebug, a novice DEFE of Vehumet (D:7)
  A gargoyle (D:11)
  A spiny frog (Lair:1)
  A komodo dragon (Lair:2)
  2 ice devils (Lair:1)
  2 trolls
  Grinder (D:4)
  Prince Ribbit (D:8)
  7 hippogriffs
  4 blink frogs (Lair:1)
  The ghost of jaclynhyde the Digger, an amateur GrEE of Vehumet (D:4)
  A human (D:8)
  A wraith (D:11)
  4 hogs (D:8)
  4 yaks (D:9)
  A hungry ghost (D:11)
  A basilisk (Lair:2)
  Menkaure (D:5)
  Duvessa (D:6)
  4 water moccasins
  3 orc warriors
  A slave (D:4)
  3 ice beasts
  An eye of draining (D:10)
  2 phantoms
  4 sky beasts
  A black bear (D:7)
  5 ogres
  7 centaurs
  A necrophage (D:9)
  7 bullfrogs
  A gnoll sergeant (D:7)
  A wyvern skeleton (D:10)
  3 jellies
  6 scorpions
  Dowan (D:6)
  An elephant simulacrum (IceCv)
  4 howler monkeys
  3 centaur zombies
  2 bullfrog zombies
  7 crimson imps
  7 hounds
  A centaur skeleton (D:7)
  Crazy Yiuf (D:4)
  A bullfrog skeleton (D:11)
  8 orc priests
  2 iguanas
  12 orc wizards
  6 worker ants
  A hound zombie (D:5)
  2 worker ant zombies
  8 gnolls
  14 adders
  A shadow imp (D:6)
  An ooze (D:5)
  2 adder skeletons
  An adder zombie (D:9)
  2 worms (D:3)
  3 dart slugs
  3 leopard geckos
  29 orcs
  6 bats
  8 giant cockroaches
  10 goblins
  7 hobgoblins
  2 jackals (D:1)
  4 kobolds
  4 quokkas
  2 frilled lizards (D:3)
  A jackal skeleton (D:7)
  2 leopard gecko skeletons
  A leopard gecko zombie (D:5)
  A quokka zombie (D:7)
  7 rats
  A fungus (D:4)
269 creatures vanquished.

Notes
Turn   | Place    | Note
-------+----------+-------------------------------------------
     0 | D:1      | Calypsia the Spriggan Enchanter began the quest for the Orb.
     0 | D:1      | Reached XP level 1. HP: 9/9 MP: 5/5
   129 | D:1      | Reached XP level 2. HP: 4/13 MP: 6/6
   481 | D:1      | Learned a level 2 spell: Ensorcelled Hibernation
   622 | D:1      | Reached skill level 5 in Stealth
   845 | D:2      | Reached XP level 3. HP: 16/16 MP: 4/8
  1545 | D:2      | Learned a level 3 spell: Confuse
  1588 | D:2      | Found a burning altar of Makhleb.
  1588 | D:2      | Noticed a balrug
  1631 | D:2      | Noticed a moth of wrath
  1633 | D:2      | Found a bloodstained altar of Trog.
  1833 | D:3      | Reached XP level 4. HP: 21/21 MP: 9/9
  1936 | D:3      | Reached skill level 6 in Stealth
  1936 | D:3      | Reached XP level 5. HP: 24/24 MP: 2/11
  2414 | D:3      | Noticed an ogre
  2421 | D:3      | Killed an ogre
  2820 | D:4      | Reached XP level 6. HP: 28/28 MP: 7/12
  2850 | D:4      | Noticed jaclynhyde's ghost (amateur GrEE)
  2952 | D:4      | Noticed Grinder
  2963 | D:4      | Noticed Pikel
  2963 | D:4      | Noticed a slave
  2986 | D:4      | Found Qaelum's Magic Scroll Shoppe.
  3270 | D:4      | Killed jaclynhyde's ghost
  3270 | D:4      | Reached skill level 7 in Stealth
  3484 | D:4      | Bought a scroll of teleportation for 30 gold pieces
  3491 | D:4      | Learned a level 3 spell: Tukima's Dance
  3601 | D:4      | Found a glowing golden altar of the Shining One.
  3604 | D:4      | Found a snail-covered altar of Cheibriados.
  3607 | D:4      | Found an iron altar of Okawaru.
  3775 | D:4      | Found a runed door.
  3779 | D:4      | Noticed Crazy Yiuf
  3783 | D:4      | Killed Crazy Yiuf
  3783 | D:4      | Reached skill level 5 in Dodging
  3825 | D:5      | Entered Level 5 of the Dungeon
  3825 | D:5      | Found Ceeroh's Jewellery Shoppe.
  3836 | D:5      | Reached XP level 7. HP: 15/32 MP: 7/14
  3840 | D:4      | Reached skill level 5 in Hexes
  4820 | D:5      | Reached skill level 8 in Stealth
  5048 | D:5      | Noticed Menkaure
  5065 | D:5      | Reached skill level 5 in Short Blades
  5067 | D:5      | Killed Menkaure
  5298 | D:5      | Found a staircase to the Ecumenical Temple.
  5344 | Temple   | Entered the Ecumenical Temple
  5378 | Temple   | Became a worshipper of Dithmenos the Shadowed
  5440 | D:5      | Reached skill level 9 in Stealth
  5440 | D:5      | Reached skill level 5 in Spellcasting
  5440 | D:5      | Reached XP level 8. HP: 34/36 MP: 12/16
  5887 | D:6      | Reached skill level 1 in Fighting
  5969 | D:6      | Reached skill level 1 in Shields
  6241 | D:6      | Noticed Dowan
  6242 | D:6      | Noticed Duvessa
  6248 | D:6      | Killed Dowan
  6266 | D:6      | Killed Duvessa
  6812 | D:7      | Reached XP level 9. HP: 42/42 MP: 18/18
  6878 | D:7      | Reached * piety under Dithmenos
  7024 | D:7      | Reached skill level 10 in Stealth
  7087 | D:7      | Noticed Calypsia's ghost (novice DEFE)
  7533 | D:7      | Found a shattered altar of Ashenzari.
  7703 | D:7      | Killed Calypsia's ghost
  8186 | D:8      | Noticed a two-headed ogre
  8197 | D:8      | Killed a two-headed ogre
  8197 | D:8      | Reached XP level 10. HP: 49/49 MP: 13/21
  8377 | D:8      | Noticed Prince Ribbit
  8390 | D:8      | Killed Prince Ribbit
  8390 | D:8      | Reached skill level 11 in Stealth
  8468 | D:8      | Found a blossoming altar of Fedhas.
  8468 | D:8      | Found an ancient bone altar of Kikubaaqudgha.
  8582 | D:8      | Reached ** piety under Dithmenos
  9249 | D:9      | Found Netu Ada's Jewellery Shop.
  9339 | D:9      | Found Wonoad's Magic Scroll Shoppe.
  9591 | D:9      | Reached skill level 1 in Invocations
  9649 | D:9      | Found a flagged portal.
  9754 | Bailey   | Entered a bailey
  9764 | Bailey   | Learned a level 3 spell: Gell's Gravitas
 10103 | D:9      | Reached skill level 1 in Translocations
 10289 | D:4      | Killed Grinder
 10450 | D:4      | Killed Pikel
 10801 | D:10     | Entered Level 10 of the Dungeon
 10946 | D:10     | Reached *** piety under Dithmenos
 10977 | D:10     | Found a staircase to the Orcish Mines.
 11018 | D:10     | Reached XP level 11. HP: 53/53 MP: 18/24
 11572 | D:10     | Learned a level 4 spell: Fulminant Prism
 11782 | D:11     | Reached skill level 12 in Stealth
 11930 | D:11     | Reached skill level 10 in Dodging
 11935 | D:11     | Reached skill level 5 in Translocations
 11973 | D:11     | Noticed heteroy's ghost (journeyman OgBe)
 12276 | D:11     | Found a staircase to the Lair.
 12315 | D:11     | Noticed grandjackal's ghost (journeyman DsVM)
 12334 | D:11     | Killed grandjackal's ghost
 12439 | D:11     | Reached skill level 1 in Armour
 12478 | D:11     | Reached **** piety under Dithmenos
 13183 | D:11     | Found a snail-covered altar of Cheibriados.
 13203 | D:11     | Killed heteroy's ghost
 13841 | D:12     | Noticed a skeletal warrior
 13906 | Lair:1   | Entered Level 1 of the Lair of Beasts
 14419 | Lair:1   | Found a frozen archway.
 14596 | IceCv    | Entered an ice cave
 14735 | Lair:2   | Found a hide-covered altar of Uskayaw.
 14738 | Lair:2   | Noticed an oklob plant
 14852 | Lair:2   | Noticed R007833r's ghost (journeyman DsGl)
 14895 | Lair:2   | HP: 1/54 [R007833r's ghost (17)]
 14895 | Lair:2   | Slain by R007833r's ghost

Vault maps used:
D:1:      noname_arrival_rooms_in_the_neighbourhood
D:2:      tgw_trog, makhleb_altar_promises_db
D:4:      grunt_temple_overflow_diamond, serial_shops,
          nicolae_shop_temple_entry_statues_fountains, guppyfry_early_lair_pool,
          uniq_pikel, uniq_grinder, uniq_crazy_yiuf_cottage
D:5:      minmay_temple_entry_statues_pillars, first_ration, serial_shops,
          nicolae_shop_crystal, uniq_menkaure
D:6:      uniq_duvessa
D:7:      old_standard_altar
D:8:      grunt_temple_overflow_growth_and_decay, grunt_livestock,
          kennysheep_generic_room_3, uniq_prince_ribbit1
D:9:      minmay_diamond_stairs, lightli_bailey_entry_fortress, serial_shops,
          nicolae_shop_crystal, nicolae_shop_statue_plus
D:10:     orc_0_dummy
D:11:     lair_entry_dummy, basic_altar, kennysheep_another_room
Temple:   regret_index_temple_waves
Lair:1:   portal_ice_cave_demonic_guard, minivault_23
Lair:2:   minmay_swamp_entry_worms, lemuel_oklob_altar, uniq_harold
Bailey:   bailey_polearm_5, bailey
IceCv:    ice_cave_small_necro

Skill      XL: |  1  2  3  4  5  6  7  8  9 10 11 |
---------------+----------------------------------+-----
Stealth        | 5 6 7 9 10 11 12 | 12.6
Short Blades   | 2 3 4 5 6 7 8 |  8.5
Spellcasting   | 3 4 5 7 8 9 |  9.0
Hexes          | 4 5 6 7 8 |  8.2
Dodging        | 4 5 6 7 8 9 10 | 10.6
Fighting       | 2 3 4 |  4.9
Shields        | 1 2 3 4 |  4.4
Invocations    | 2 3 |  3.7
Translocations | 3 7 |  7.2
Armour         | 1 |  1.8

Action                   |  1- 3 |  4- 6 |  7- 9 | 10-12 || total
-------------------------+-------+-------+-------+-------++-------
Melee: Dagger            |   123 |   129 |   192 |   258 ||   702
 Cast: Corona            |     3 |       |       |       ||     3
       Ensorcelled Hiber |    21 |    26 |    76 |   161 ||   284
       Confuse           |       |     9 |    34 |    44 ||    87
Evoke: Wand              |       |       |       |     8 ||     8
  Use: Scroll            |       |     3 |     5 |     3 ||    11
       Potion            |       |       |     2 |       ||     2
 Stab: Sleeping          |    22 |    22 |    55 |   110 ||   209
       Confused          |       |     4 |    16 |    21 ||    41
       Distracted        |       |       |     1 |       ||     1
  Eat: Ration            |       |     2 |     4 |     2 ||     8
Armor: Robe              |    10 |     8 |     7 |     4 ||    29
       Troll leather arm |       |       |       |     6 ||     6
Dodge: Dodged            |   101 |    85 |   126 |   178 ||   490
Block: Buckler           |       |       |       |    72 ||    72

Table legend:
 A = Spawn XP
 B = Non-spawn XP
 C = Spawn XP percentage of total XP
 D = Spawn monster count
 E = Non-spawn monster count
 F = Spawn count percentage of total count
 G = Total turns spent on level
                    A         B        C        D         E        F      G
               +---------+---------+-------+---------+---------+-------+---------
         Total |       0 |   21433 |   0.0 |       0 |     267 |   0.0 | 14895
               +---------+---------+-------+---------+---------+-------+---------
           D:1 |       0 |      38 |   0.0 |       0 |      19 |   0.0 |  1002
           D:2 |       0 |      49 |   0.0 |       0 |      15 |   0.0 |   746
           D:3 |       0 |     289 |   0.0 |       0 |      24 |   0.0 |  1436
           D:4 |       0 |    1499 |   0.0 |       0 |      20 |   0.0 |  1930
           D:5 |       0 |     800 |   0.0 |       0 |      21 |   0.0 |  1138
           D:6 |       0 |     825 |   0.0 |       0 |      11 |   0.0 |   958
           D:7 |       0 |    1807 |   0.0 |       0 |      27 |   0.0 |  1383
           D:8 |       0 |    2889 |   0.0 |       0 |      21 |   0.0 |  1107
           D:9 |       0 |    2012 |   0.0 |       0 |      32 |   0.0 |  1034
          D:10 |       0 |    1765 |   0.0 |       0 |      24 |   0.0 |   775
          D:11 |       0 |    5616 |   0.0 |       0 |      36 |   0.0 |  2196
          D:12 |       0 |     544 |   0.0 |       0 |       2 |   0.0 |   134
        Lair:1 |       0 |    2465 |   0.0 |       0 |      10 |   0.0 |   788
        Lair:2 |       0 |     773 |   0.0 |       0 |       4 |   0.0 |   188
         IceCv |       0 |      62 |   0.0 |       0 |       1 |   0.0 |    13
               +---------+---------+-------+---------+---------+-------+---------
